 Dungeon Crawl Stone Soup version 0.29.1-2-gbd0b4ee654 (webtiles) character file.

Game seed: 8357267101821677675

196 cdecastro the Chopper (level 5, -3/45 HPs)
             Began as a Minotaur Fighter on Oct 31, 2022.
             Was a Priest of Lugonu.
             Slain by an ogre
             ... wielding a +0 giant club
              (12 damage)
             ... on level 4 of the Dungeon.
             The game lasted 00:04:21 (3111 turns).

cdecastro the Chopper (Minotaur Fighter)            Turns: 3111, Time: 00:04:22

Health: -3/45      AC: 10    Str: 22    XL:     5   Next: 45%
Magic:  4/4        EV:  7    Int:  5    God:    Lugonu [***...]
Gold:   183        SH:  0    Dex: 10    Spells: 4/4 levels left

rFire   . . .      SeeInvis .   a - +0 war axe
rCold   . . .      Faith    .   (no shield)
rNeg    . . .      Spirit   .   r - +0 chain mail
rPois   .          Reflect  .   (helmet restricted)
rElec   .          Harm     .   q - +0 cloak
rCorr   .          Rampage  .   (no gloves)
Will    .....                   (no boots)
Stlth   ..........              l - amulet of magic regeneration
HPRegen 0.15/turn               (no ring)
MPRegen 0.49/turn               (no ring)

@: no status effects
A: horns 2, retaliatory headbutt
a: Renounce Religion, Depart the Abyss, Bend Space, Banish


You were on level 4 of the Dungeon.
You worshipped Lugonu.
Lugonu was most pleased with you.
You visited 1 branch of the dungeon, and saw 4 of its levels.

You collected 183 gold pieces.

Inventory:

Hand Weapons
 a - a +0 war axe (weapon)
Missiles
 h - 5 poisoned darts (quivered)
 j - 25 stones
 y - 3 boomerangs
Armour
 b - a +0 scale mail
 q - a +0 cloak (worn)
 r - a +0 chain mail (worn)
 x - a +0 pair of gloves
Magical Staves
 w - a staff of death
Jewellery
 l - an amulet of magic regeneration (around neck)
Wands
 z - a wand of paralysis (1)
Scrolls
 c - a scroll of teleportation {unknown}
 e - 2 scrolls of enchant weapon {unknown}
 f - 2 scrolls of amnesia {unknown}
 g - 3 scrolls of vulnerability {unknown}
 i - a scroll of brand weapon {unknown}
 o - 2 scrolls of fear {unknown}
 p - a scroll of blinking {unknown}
 s - a scroll of noise {unknown}
 t - 2 scrolls of identify {unknown}
Potions
 d - a potion of might
 k - a potion of degeneration {unknown}
 m - a potion of lignification {unknown}
 n - a potion of mutation {unknown}
 u - a potion of haste {unknown}
 v - a potion of heal wounds {unknown}
 A - 2 potions of curing {unknown}
 B - 2 potions of brilliance {unknown}


   Skills:
 - Level 3.6 Fighting
 + Level 7.0 Axes
 - Level 3.6 Armour
 - Level 3.6 Shields


You had 4 spell levels left.
You didn't know any spells.
Your spell library contained the following spells:

 Spells                   Type           Power      Damage    Failure   Level
 Static Discharge         Conj/Air       0%         3-3/arc   100%        2
 Dazzling Flash           Conj/Hex       0%         N/A       100%        3
 Iskenderun's Mystic Bla  Conj/Tloc      0%         2d3       100%        4
 Lightning Bolt           Conj/Air       0%         1d11      100%        5
 Starburst                Conj/Fire      0%         6d3       100%        6
 Maxwell's Capacitive Co  Air            0%         ∞         100%        8


Dungeon Overview and Level Annotations

Branches:
Dungeon (4/15)
 Temple: D:4-7

Altars:
Cheibriados
Lugonu

Shops:
D:3 (


Innate Abilities, Weirdness & Mutations

You have a pair of horns on your head.
You reflexively headbutt those who attack you in melee.


Message History

There is a stone staircase leading up here.
You now have 183 gold pieces (gained 8).
B - 2 glowing purple potions (gained 1)
Found a chain mail.
You see here a +0 chain mail.
An ogre comes into view. It is wielding a +0 giant club.
The ogre shouts!
Press: ? - help, v - describe, . - travel
Here: an ogre, wielding a +0 giant club The floor.
Unknown command.
Press: ? - help, v - describe, . - travel
Here: an ogre, wielding a +0 giant club The floor.
Unknown command.
Unknown command.
Aiming: Paralyse
Press: ? - help, Shift-Dir - straight line, f - ogre
Aim: an ogre, wielding a +0 giant club (chance to affect: 49%)
The ogre resists with some effort.
Unknown command.
You slash the ogre! Your headbutt misses the ogre.
The ogre is heavily wounded.
The ogre hits you with a +0 giant club!
You barely miss the ogre.
The ogre is heavily wounded.
The ogre hits you with a +0 giant club!
* * * LOW HITPOINT WARNING * * *
You hit the ogre.
The ogre is heavily wounded.
You barely miss the ogre.
You headbutt the ogre, but do no damage.
The ogre is heavily wounded.
The ogre hits you with a +0 giant club!
* * * LOW HITPOINT WARNING * * *
Aiming: Paralyse
Press: ? - help, Shift-Dir - straight line, f/p - ogre
Aim: an ogre, wielding a +0 giant club (heavily wounded, chance to affect: 49%)
The ogre resists with some effort.
The ogre hits you with a +0 giant club!
You die...

....#......<...........#####...#
###.#..#######.#######.......#.#
###.#..# #.# #######...#
.......# #.# ##.## .##.##.#
#.##############.#
#.##.#######..............#.###
#.##...........##########.[....
#.##..########.# ######. #.##..#
#@# #. #.##..# #O# #. #.##..#
... ########. #..# .....
......... #..# ##/..##
#..########) ...# ##.## #..
####. #.# #.. #...) #..
#..#####.##. #..#.....>..


You could see an ogre.

Vanquished Creatures
  An orc priest (D:4)
  An orc wizard (D:4)
  Robin (D:3)
  3 adders
  2 adder zombies (D:2)
  An adder skeleton (D:2)
  A worm (D:2)
  2 dart slugs (D:2)
  7 orcs
  5 bats
  A bat zombie (D:2)
  6 endoplasms
  3 giant cockroaches
  14 goblins
  8 hobgoblins
  A quokka (D:2)
  11 ball pythons
  A ball python skeleton (D:2)
  A ball python zombie (D:2)
  2 frilled lizards
  A jackal skeleton (D:2)
  4 kobolds
  A quokka skeleton (D:2)
  A quokka zombie (D:2)
  A rat (D:1)
80 creatures vanquished.

Vanquished Creatures (others)
  5 withered plants (D:2)
5 creatures vanquished.

Grand Total: 85 creatures vanquished

Notes
Turn   | Place    | Note
-------+----------+-------------------------------------------
     0 | D:1      | cdecastro the Minotaur Fighter began the quest for the Orb.
     0 | D:1      | Reached XP level 1. HP: 19/19 MP: 0/0
   289 | D:1      | Found a faded altar of an unknown god.
   302 | D:1      | Reached skill level 3 in Axes
   303 | D:1      | Prayed at the altar of an unknown god.
   303 | D:1      | Became a worshipper of Lugonu the Unformed
   303 | D:1      | Reached * piety under Lugonu
   303 | D:1      | Reached ** piety under Lugonu
   372 | D:1      | Reached XP level 2. HP: 25/26 MP: 1/1
   770 | D:2      | Reached skill level 4 in Axes
   934 | D:2      | Reached XP level 3. HP: 30/31 MP: 2/2
  1151 | D:2      | Reached skill level 5 in Axes
  1408 | D:2      | Reached XP level 4. HP: 30/39 MP: 3/3
  1833 | D:3      | Reached *** piety under Lugonu
  1883 | D:3      | Noticed Robin
  1890 | D:3      | Killed Robin
  1993 | D:3      | Reached skill level 6 in Axes
  2131 | D:3      | Found Nomaf's Weapon Shoppe.
  2464 | D:4      | Reached XP level 5. HP: 35/45 MP: 4/4
  2751 | D:4      | Found a snail-covered altar of Cheibriados.
  2923 | D:4      | Reached skill level 7 in Axes
  3105 | D:4      | Noticed an ogre
  3111 | D:4      | Slain by an ogre

Illustrated notes

Levels and vault maps discovered:
D:1:      dpeg_arrival_pits, layout_basic, nicolae_ecumenical_snake_handling
D:2:      layout_basic, serial_undead, serial_undead_f, serial_undead_a,
          serial_undead_e, serial_undead_b, serial_undead_e, serial_undead_f
D:3:      layout_basic, serial_shops, shop, wad_rectangle_vault, uniq_robin
D:4:      layout_loops_ring, overflow_temple_1_default,
          nicolae_figureground_sparkle

Skill      XL: |  1  2  3  4  5 |
---------------+----------------+-----
Axes           | 3 4 5 6 7 |  7.0
Fighting       | |  3.6
Armour         | |  3.6
Shields        | |  3.6

Action                   |  1- 3 |  4- 6 || total
-------------------------+-------+-------++-------
Melee: War axe           |    89 |    86 ||   175
       Headbutt          |    17 |    15 ||    32
       Punch             |     1 |     1 ||     2
Evoke: Wand              |       |     2 ||     2
Armor: Scale mail        |    60 |       ||    60
       Chain mail        |       |    57 ||    57
Dodge: Dodged            |    43 |    30 ||    73
